 Dungeon Crawl Stone Soup version 0.28.0-45-g0d030f2227 (webtiles) character file.

Game seed: 13851997040294972024

22 OrbIsHorse the Chiller (level 2, -8/19 HPs)
             Began as a Merfolk Ice Elementalist on Apr 11, 2022.
             Mangled by Sigmund
             ... wielding a +0 scythe
              (11 damage)
             ... on level 2 of the Dungeon.
             The game lasted 00:04:21 (1088 turns).

OrbIsHorse the Chiller (Merfolk Ice Elementalist)   Turns: 1088, Time: 00:04:21

Health: -8/19      AC:  2    Str:  8    XL:     2   Next: 91%
Magic:  3/5        EV: 13    Int: 14    God:
Gold:   8          SH:  0    Dex: 14    Spells: 4/5 levels left

rFire   . . .      SeeInvis .   g - +1 short sword (elec)
rCold   . . .      Faith    .   (no shield)
rNeg    . . .      Spirit   .   a - +0 robe
rPois   .          Reflect  .   (no helmet)
rElec   .          Harm     .   (no cloak)
rCorr   .          Rampage  .   (no gloves)
Will    .....                   (no boots)
Stlth   ++........              (no amulet)
HPRegen 0.06/turn               (no ring)
MPRegen 0.09/turn               (no ring)

@: no status effects
A: (nimble swimmer 2), mertail
a: no special abilities


You were on level 2 of the Dungeon.
You visited 1 branch of the dungeon, and saw 2 of its levels.

You collected 8 gold pieces.

Inventory:

Hand Weapons
 b - a +0 whip
 g - a +1 short sword of electrocution (weapon)
Missiles
 d - 19 stones
Armour
 a - a +0 robe (worn)
Scrolls
 c - 2 scrolls of immolation {unknown}
 e - 2 scrolls of amnesia
 f - 3 scrolls of enchant armour {unknown}


   Skills:
 + Level 3.2 Dodging
 + Level 2.1 Stealth
 + Level 2.2 Spellcasting
 + Level 4.9 Ice Magic


You had 4 spell levels left.
You knew the following spells:

 Your Spells              Type           Power      Damage    Failure   Level
a - Freeze                Ice            60%        1d8       3%          1

Your spell library contained the following spells:

 Spells                   Type           Power      Damage    Failure   Level
 Frozen Ramparts          Ice            30%        1d5       9%          3
 Ozocubu's Armour         Ice            15%        N/A       9%          3
 Hailstorm                Conj/Ice       8%         3d4       63%         4


Dungeon Overview and Level Annotations

Branches:
Dungeon (2/15)

Altars:

Annotations:
D:2 Sigmund


Innate Abilities, Weirdness & Mutations

((You are very nimble when in or above water. (Stealth+, EV+, Speed+++)))
Your lower body shifts to a powerful aquatic tail in water.


Message History

The endoplasm is severely wounded.
The endoplasm barely misses you.
You hit the endoplasm.
You kill the endoplasm!
Casting: Freeze (safe; 3% risk of failure)
Confirm with . or Enter, or press ? or * to list all spells.
Aiming: Freeze (safe; 3% risk of failure)
Press: ? - help, Shift-Dir - straight line, f - bat
Aim: a bat You freeze the bat.
You kill the bat!
You see here a bat corpse.
Sigmund shouts!
Sigmund is nearby!
You see here a bat corpse.
Sigmund completely misses you.
Casting: Freeze (safe; 3% risk of failure)
Confirm with . or Enter, or press ? or * to list all spells.
Aiming: Freeze (safe; 3% risk of failure)
Press: ? - help, Shift-Dir - straight line, f - Sigmund
Aim: Sigmund, wielding a +0 scythe and wearing a +0 robe You freeze Sigmund.
Sigmund is lightly wounded.
Sigmund hits you with a +0 scythe.
Casting: Freeze (safe; 3% risk of failure)
Confirm with . or Enter, or press ? or * to list all spells.
Aiming: Freeze (safe; 3% risk of failure)
Press: ? - help, Shift-Dir - straight line, f/p - Sigmund
Aim: Sigmund, wielding a +0 scythe and wearing a +0 robe (lightly wounded)
You freeze Sigmund.
Sigmund is moderately wounded.
Sigmund hits you with a +0 scythe!
Ouch! That really hurt!
* * * LOW HITPOINT WARNING * * *
Sigmund points at you and mumbles some strange words.
You resist with significant effort. Sigmund closely misses you.
Sigmund hits you from afar with a +0 scythe!
Ouch! That really hurt!
You die...

#. #. #. #. .
#.#######...
#......<....
#########@...##
.......@...†..#
.######.......#
#.......#
#.#...###
#.#...# ...#.##
..#...#
##.....# #.#..


You could see Sigmund.

Vanquished Creatures
  2 ball pythons (D:1)
  3 endoplasms
  2 giant cockroaches (D:1)
  A goblin (D:1)
  2 hobgoblins (D:1)
  3 jackals (D:1)
  A kobold (D:1)
  3 bats
  2 rats (D:1)
19 creatures vanquished.

Notes
Turn   | Place    | Note
-------+----------+-------------------------------------------
     0 | D:1      | OrbIsHorse the Merfolk Ice Elementalist began the quest for
                  | the Orb.
     0 | D:1      | Reached XP level 1. HP: 13/13 MP: 3/3
   313 | D:1      | Reached XP level 2. HP: 19/19 MP: 3/5
  1067 | D:2      | Noticed Sigmund
  1088 | D:2      | Mangled by Sigmund

Illustrated notes

Levels and vault maps discovered:
D:1:      wander_arrival_lonely_grave, layout_loops_corners, serial_rivers,
          chequers_serial_rivers_room_a, chequers_serial_rivers_micro_b,
          chequers_serial_rivers_micro_c, chequers_serial_rivers_small_b,
          chequers_serial_rivers_marsh
D:2:      layout_loops_ring, basic_altar, ebering_ecumenical_altar_box,
          uniq_sigmund

Skill      XL: |  1 |
---------------+----+-----
Dodging        | 3 |  3.2
Stealth        | |  2.1
Spellcasting   | |  2.2
Ice Magic      | |  4.9

Action                   || total
-------------------------++-------
Melee: Unarmed           ||     6
       Whip              ||     6
       Short sword       ||     2
 Cast: Freeze            ||    21
  Use: Scroll            ||     1
 Stab: Sleeping          ||     3
Armor: Robe              ||     9
Dodge: Dodged            ||    22
